 Dungeon Crawl Stone Soup version 0.28.0 (webtiles) character file.

Game seed: 15410354853284354828

46 Descartes the Grasshopper (level 3, -1/27 HPs)
             Began as a Formicid Warper on Feb 10, 2022.
             Succumbed to an adder's poison
             ... on level 2 of the Dungeon.
             The game lasted 00:01:56 (1271 turns).

Descartes the Grasshopper (Formicid Warper)         Turns: 1271, Time: 00:01:56

Health: -1/27      AC:  6    Str: 17    XL:     3   Next: 95%
Magic:  6/6        EV:  9    Int: 12    God:
Gold:   23         SH:  0    Dex: 10    Spells: 6/6 levels left

rFire   . . .      SeeInvis +   a - +0 hand axe
rCold   . . .      Faith    .   (no shield)
rNeg    . . .      Spirit   .   l - +0 scale mail
rPois   .          Reflect  .   (helmet unavailable)
rElec   .          Harm     .   (no cloak)
rCorr   .          Rampage  .   (no gloves)
Will    .....                   (no boots)
Stlth   ..........              (no amulet)
HPRegen 0.09/turn               (no ring)
MPRegen 0.10/turn               (no ring)

@: lethally poisoned (-1 -> -9)
A: permanent stasis, dig shafts and tunnels, antennae 3, four strong arms
a: Dig, Shaft Self


You were on level 2 of the Dungeon.
You visited 1 branch of the dungeon, and saw 2 of its levels.

You collected 23 gold pieces.

Inventory:

Hand Weapons
 a - a +0 hand axe (weapon)
Missiles
 c - 5 boomerangs of dispersal (quivered)
 e - 33 stones
 f - 21 sling bullets
 i - 24 arrows
Armour
 b - a +0 leather armour
 l - a +0 scale mail (worn)
Scrolls
 d - a scroll of fog {unknown}
 g - a scroll of fear {unknown}
 h - a scroll of blinking {unknown}
Potions
 k - a potion of mutation {unknown}


   Skills:
 - Level 2.1 Fighting
 + Level 3.0 Axes
 - Level 1.0 Throwing
 + Level 1.8 Armour
 - Level 1.7 Dodging
 - Level 2.1 Spellcasting
 + Level 3.2 Translocations


You had 6 spell levels left.
You didn't know any spells.
Your spell library contained the following spells:

 Spells                   Type           Power      Damage    Failure   Level
 Gell's Gravitas          Tloc           9%         N/A       56%         3
 Lesser Beckoning         Tloc           9%         N/A       56%         3
 Teleport Other           Tloc           9%         N/A       56%         3
 Manifold Assault         Tloc           9%         N/A       100%        5
 Blink                    Tloc           Unusable   N/A       N/A         2

Dungeon Overview and Level Annotations

Branches:
Dungeon (2/15)

Altars:


Innate Abilities, Weirdness & Mutations

You cannot be hasted, slowed, berserked, paralysed or teleported.
You can dig through walls and to a lower floor.
You have a pair of large antennae on your head. (SInv)
Your four strong arms can wield two-handed weapons with a shield.


Message History

You miss the adder.
The adder is almost dead.
The adder closely misses you. The adder completely misses you.
You closely miss the adder.
The adder is almost dead.
The adder bites you but does no damage.
You completely miss the adder.
The adder is almost dead.
The adder closely misses you.
You closely miss the adder.
The adder is almost dead.
The adder bites you. x2
You are poisoned.
The adder poisons you!
You miss the adder.
The adder is severely wounded.
You feel sick. The adder barely misses you. The adder bites you.
You are more poisoned.
The adder poisons you!
You hit the adder.
The adder is almost dead.
You feel very sick. The adder bites you.
You are lethally poisoned!
The adder poisons you!
You barely miss the adder.
The adder is almost dead.
* * * LOW HITPOINT WARNING * * *
You feel very sick. The adder bites you.
* * * LOW HITPOINT WARNING * * *
The adder bites you but does no damage.
You hit the adder.
You kill the adder!
* * * LOW HITPOINT WARNING * * *
You feel very sick.
Your Axes skill increases to level 3!
It was a potion of haste.
Your stasis prevents you from being hasted.
You die...

#....# #....#
######### #....#
#.......# #....#
#.......# #####....#
#†......#
........)###.<.....#
........)............
...................##
......)@...........#
......<.....#.###.##
.....##.......# .#
.... #.....### # ...
#....... .. .......##
. #......# #......#


There were no monsters in sight!

Vanquished Creatures
  An adder (D:2)
  3 dart slugs (D:1)
  An orc (D:2)
  2 bats (D:1)
  2 giant cockroaches (D:1)
  5 goblins (D:1)
  3 hobgoblins
  4 ball pythons
  3 kobolds
  7 rats
31 creatures vanquished.

Vanquished Creatures (others)
  A rat (D:1)
1 creature vanquished.

Grand Total: 32 creatures vanquished

Notes
Turn   | Place    | Note
-------+----------+-------------------------------------------
     0 | D:1      | Descartes the Formicid Warper began the quest for the Orb.
     0 | D:1      | Reached XP level 1. HP: 16/16 MP: 3/3
   464 | D:1      | Reached XP level 2. HP: 22/22 MP: 5/5
   685 | D:1      | Reached XP level 3. HP: 20/27 MP: 6/6
  1186 | D:1      | Found a faded altar of an unknown god.
  1270 | D:2      | HP: 1/27 [poisoned by an adder]
  1271 | D:2      | Succumbed to an adder's poison

Illustrated notes

Levels and vault maps discovered:
D:1:      dpeg_arrival_long_road, layout_rooms,
          dilly_ecumenical_altar_fadedgnrine, lemuel_old_faithful
D:2:      layout_basic, grunt_decor_fettered

Skill      XL: |  1  2  3 |
---------------+----------+-----
Translocations | 3 |  3.2
Axes           | 3 |  3.0
Fighting       | |  2.1
Throwing       | |  1.0
Armour         | |  1.8
Dodging        | |  1.7
Spellcasting   | |  2.1

Action                   || total
-------------------------++-------
Melee: Hand axe          ||    92
  Use: Potion            ||     1
Armor: Leather armour    ||    21
       Scale mail        ||    17
Dodge: Dodged            ||    52
